 Dungeon Crawl Stone Soup version 0.30.1-4-g462c640d31 (webtiles) character file.

Game seed: 17737911556653862941

4072 Babbit the Cleaver (level 10, -6/88 HPs)
             Began as a Minotaur Fighter on Aug 17, 2023.
             Was a Believer of Okawaru.
             Mangled by an orc knight
             ... wielding a +0 war axe
              (16 damage)
             ... in a bailey.
             The game lasted 00:29:14 (7073 turns).

Babbit the Cleaver (Minotaur Fighter)               Turns: 7073, Time: 00:29:15

Health: -6/88      AC:  8    Str: 24    XL:     10   Next: 5%
Magic:  9/9        EV: 10    Int: 11    God:    Okawaru [**....]
Gold:   202        SH:  9    Dex: 11    Spells: 9/9 levels left

rFire   . . .        h - +4 hand axe
rCold   . . .        t - +0 kite shield
rNeg    . . .        b - +0 scale mail
rPois   .            (helmet restricted)
rElec   .            A - scarf {+Inv}
rCorr   .            (no gloves)
SInv    .            (no boots)
Will    .....        (no amulet) Stlth
                     v - +6 ring of intelligence
HPRegen 0.34/turn    (no ring)
MPRegen 0.11/turn

%: no passive effects
@: no status effects
A: horns 2, retaliatory headbutt
a: Renounce Religion, Evoke Invisibility, Heroism


You were in a bailey.
You worshipped Okawaru.
Okawaru was pleased with you.
You visited 1 branch of the dungeon, and saw 8 of its levels.
You also visited: Bailey.

You collected 290 gold pieces.
You spent 88 gold pieces at shops.

Inventory:

Hand Weapons
 h - a +4 hand axe (weapon)
 l - a +0 dagger of flaming
Armour
 b - a +0 scale mail (worn)
 t - a +0 kite shield (worn)
 A - a scarf of invisibility (worn)
Jewellery
 v - a +6 ring of intelligence (left hand)
Wands
 p - a wand of roots (15)
 r - a wand of paralysis (13)
 w - a wand of quicksilver (6)
Scrolls
 c - 2 scrolls of magic mapping
 e - 4 scrolls of teleportation {unknown}
 f - a scroll of immolation {unknown}
 i - a scroll of poison {unknown}
 j - a scroll of torment {unknown}
 m - a scroll of brand weapon {unknown}
 o - 2 scrolls of fog {unknown}
 q - a scroll of vulnerability {unknown}
 u - a scroll of enchant armour {unknown}
 y - 2 scrolls of fear
 z - a scroll of amnesia {unknown}
 B - a scroll of blinking {unknown}
Potions
 a - 4 potions of curing
 d - 3 potions of might
 k - a potion of haste
 n - a potion of lignification
 s - 3 potions of resistance
 x - a potion of heal wounds
 C - a potion of magic


   Skills:
 + Level 7.7 Fighting
 + Level 11.0 Axes
 + Level 1.7 Throwing
 + Level 9.1 Armour
 + Level 4.3 Dodging
 + Level 1.3 Stealth
 + Level 6.8 Shields
 + Level 1.0 Invocations


You had 9 spell levels left.
You didn't know any spells.
Your spell library contained the following spells:

 Spells                   Type           Power      Damage    Failure   Level
 Ensorcelled Hibernation  Hex/Ice        0%         N/A       91%         2
 Passwall                 Tmut/Erth      0%         N/A       91%         2
 Sublimation of Blood     Necr           0%         N/A       91%         2
 Wereblood                Tmut           0%         N/A       91%         2
 Swiftness                Air            0%         N/A       99%         3
 Alistair's Intoxication  Tmut/Pois      0%         N/A       100%        5
 Borgnjor's Vile Clutch   Necr/Erth      0%         N/A       100%        5
 Eringya's Noxious Bog    Tmut/Pois      0%         N/A       100%        6
 Summon Hydra             Summ           Unusable   N/A       N/A         7

Dungeon Overview and Level Annotations

Branches:
Dungeon (8/15)             Temple (0/1) D:6          Bailey (1/1)
   Lair: D:8-11

Altars:
Cheibriados
Hepliaklqana
Makhleb
Okawaru
Qazlal
Vehumet

Shops:
D:5 ((*=[   D:6 =


Innate Abilities, Weirdness & Mutations

You have a pair of horns on your head.
You reflexively headbutt those who attack you in melee.


Message History

You hit the orc knight.
The orc knight is severely wounded.
The orc knight misses you.
You barely miss the orc knight.
The orc knight is severely wounded.
The orc knight hits you with a +0 war axe!!
* * * LOW HITPOINT WARNING * * *
You feel much better. You block the orc knight's attack.
You barely miss the orc knight. You headbutt the orc knight.
The orc knight is severely wounded.
The orc knight hits you but does no damage.
You closely miss the orc knight.
The orc knight is severely wounded.
You hit the orc knight. Your headbutt misses the orc knight.
The orc knight is almost dead.
The orc knight hits you with a +0 war axe!
* * * LOW HITPOINT WARNING * * *
You barely miss the orc knight.
The orc knight is almost dead.
You hit the goblin.
You kill the goblin!
Okawaru accepts your kill.
The orc knight hits you but does no damage.
You closely miss the orc knight. You headbutt the orc knight.
The orc knight is almost dead.
The orc knight barely misses you.
You miss the orc knight.
The orc knight is almost dead.
The orc knight hits you with a +0 war axe.
* * * LOW HITPOINT WARNING * * *
You barely miss the orc knight.
The orc knight is almost dead.
You block the orc knight's attack.
You hit the orc knight but do no damage.
The orc knight is almost dead.
You block the orc knight's attack.
You closely miss the orc knight. You headbutt the orc knight!
The orc knight is almost dead.
The orc knight hits you with a +0 war axe!
You die...

♣...........♣
♣♣....∩.....♣
♣♣.........♣♣
♣.....∩....♣
♣♣.........♣
♣...).....♣
♣♣##'''##♣♣ ##.....##
#..@)...# ##..o)...##
#.........#
##...).....#
#######..)))⌠.....#
##.....##.........##
#.......'.........'.
##....)..##.......##.
#.....))).#.......#


You could see an orc knight.

Vanquished Creatures
  Grinder (D:5)
  Sigmund (D:2)
  A shadow (D:7)
  Eustachio (D:6)
  Duvessa (D:6)
  3 water moccasins
  6 orc warriors (Bailey)
  2 ice beasts
  2 sky beasts
  An ogre (D:5)
  A black bear (D:5)
  A phantom (D:5)
  2 bullfrogs
  4 scorpions (D:5)
  6 wights
  Dowan (D:6)
  4 hounds
  2 jellies (D:6)
  2 gnoll boudas
  2 orc priests
  4 iguanas
  12 orc wizards
  Robin (D:2)
  14 gnolls
  9 adders
  A shadow imp (D:5)
  An ufetubus (D:4)
  A dart slug (D:1)
  38 orcs
  7 endoplasms
  2 giant cockroaches
  30 goblins
  13 hobgoblins
  10 jackals
  3 quokkas (D:1)
  7 ball pythons
  6 bats
  4 frilled lizards
  6 kobolds
  A rat (D:1)
214 creatures vanquished.

Notes
Turn   | Place    | Note
-------+----------+-------------------------------------------
     0 | D:1      | Babbit the Minotaur Fighter began the quest for the Orb.
     0 | D:1      | Reached XP level 1. HP: 19/19 MP: 0/0
   155 | D:1      | Reached XP level 2. HP: 27/27 MP: 1/1
   755 | D:2      | Reached XP level 3. HP: 33/33 MP: 2/2
   772 | D:2      | Reached skill level 3 in Axes
   798 | D:2      | Noticed Sigmund
   814 | D:2      | Killed Sigmund
   815 | D:2      | Reached skill level 4 in Axes
   815 | D:2      | Reached skill level 1 in Dodging
   815 | D:2      | Reached XP level 4. HP: 23/40 MP: 3/3
   815 | D:2      | Reached XP level 5. HP: 26/46 MP: 4/4
  1259 | D:2      | Noticed Robin
  1265 | D:2      | Reached skill level 5 in Axes
  1284 | D:2      | Killed Robin
  1391 | D:3      | Found a stormy altar of Qazlal.
  1391 | D:3      | Noticed a sky beast
  1413 | D:3      | Killed a sky beast
  1414 | D:3      | Reached skill level 5 in Armour
  1414 | D:3      | Reached XP level 6. HP: 21/53 MP: 5/5
  1895 | D:3      | You fall into a shaft and drop 2 floors!
  1895 | D:5      | Entered Level 5 of the Dungeon
  1920 | D:5      | Reached skill level 6 in Axes
  2015 | D:5      | Reached XP level 7. HP: 47/60 MP: 6/6
  2072 | D:5      | Found Jasos's Jewellery Boutique.
  2113 | D:5      | Noticed Grinder
  2115 | D:5      | Paralysed by Grinder for 4 turns
  2125 | D:5      | Paralysed by Grinder for 5 turns
  2138 | D:5      | Killed Grinder
  2340 | D:4      | Reached skill level 5 in Fighting
  2340 | D:4      | Reached skill level 7 in Axes
  2543 | D:4      | Reached skill level 1 in Stealth
  3295 | D:4      | Found a radiant altar of Vehumet.
  3493 | D:3      | Reached XP level 8. HP: 67/68 MP: 7/7
  4031 | D:5      | Found Liop Hui's Weapon Shop.
  4201 | D:5      | Found an iron altar of Okawaru.
  4205 | D:5      | Became a worshipper of Warmaster Okawaru
  4211 | D:5      | Found a burning altar of Makhleb.
  4214 | D:5      | Found a snail-covered altar of Cheibriados.
  4220 | D:5      | Reached skill level 8 in Axes
  4231 | D:5      | Found a hazy altar of Hepliaklqana.
  4236 | D:5      | Reached skill level 5 in Shields
  4266 | D:5      | Found Alomu's Antique Weapon Emporium.
  4363 | D:5      | Found Vedetsuc's CLEARANCE SALE!.
  4371 | D:5      | Bought a scroll of identify for 16 gold pieces
  4371 | D:5      | Bought a potion of heal wounds for 40 gold pieces
  4371 | D:5      | Bought a scroll of fear for 32 gold pieces
  4426 | D:5      | Found Buckonn's Armour Emporium.
  4636 | D:5      | Reached * piety under Okawaru
  4785 | D:6      | Noticed Duvessa
  4785 | D:6      | Noticed Dowan
  4822 | D:6      | Killed Duvessa
  4823 | D:6      | Reached skill level 9 in Axes
  4836 | D:6      | Killed Dowan
  4837 | D:6      | Reached skill level 1 in Throwing
  4839 | D:6      | Found Kowi's Jewellery Emporium.
  5129 | D:6      | Found a staircase to the Ecumenical Temple.
  5138 | D:6      | Reached XP level 9. HP: 77/78 MP: 8/8
  5389 | D:6      | Noticed Eustachio
  5398 | D:6      | Killed Eustachio
  5931 | D:7      | Reached skill level 10 in Axes
  5963 | D:7      | Reached ** piety under Okawaru
  6154 | D:7      | Reached skill level 1 in Invocations
  6370 | D:8      | Found a flagged portal.
  6386 | Bailey   | Entered a bailey
  6660 | Bailey   | Reached XP level 10. HP: 45/88 MP: 6/9
  6791 | Bailey   | Noticed an orc knight
  6816 | Bailey   | Reached skill level 11 in Axes
  7073 | Bailey   | Mangled by an orc knight

Illustrated notes

Levels and vault maps discovered:
D:1:      psy_arrival_dodecagon, layout_basic
D:2:      layout_basic, uniq_robin, uniq_sigmund
D:3:      minmay_razor_zed, layout_rooms, nicolae_qazlal_beasts_of_the_sky
D:4:      layout_basic, nicolae_vehumet_altar_sigil
D:5:      layout_gridville, grunt_temple_overflow_cloverleaf, serial_shops,
          nicolae_shop_tiny_statue_garden, shop, shop, nicolae_shop_stone,
          nicolae_shop_clearance, uniq_grinder
D:6:      layout_rooms, minmay_temple_entry_sparse_star, serial_shops,
          nicolae_shop_gaudy_bauble, lemuel_flamethrower_1, uniq_eustachio,
          uniq_duvessa
D:7:      layout_basic
D:8:      layout_cave_pools, mainiacjoe_overflow_catwalk_spiral, enter_bailey_6
Bailey:   bailey_axe_minmay_hex_keep, bailey

Skill      XL: |  1  2  3  4  5  6  7  8  9 10 |
---------------+-------------------------------+-----
Armour         | 4 5 6 7 9 |  9.1
Fighting       | 4 5 6 7 |  7.7
Shields        | 4 5 6 |  6.8
Axes           | 4 5 6 7 9 10 11 | 11.0
Dodging        | 1 2 3 4 |  4.3
Stealth        | 1 |  1.3
Throwing       | 1 |  1.7
Invocations    | 1 |  1.0

Action                     |  1- 3 |  4- 6 |  7- 9 | 10-12 || total
---------------------------+-------+-------+-------+-------++-------
  Melee: War axe           |    64 |    61 |       |       ||   125
         Headbutt          |     4 |    11 |    64 |    15 ||    94
         Hand axe          |       |    22 |   379 |    46 ||   447
  Throw: Boomerang         |       |       |     8 |       ||     8
 Invoke: Heroism           |       |       |     6 |     2 ||     8
    Use: Scroll            |       |       |     8 |     2 ||    10
         Potion            |       |       |     1 |     1 ||     2
 Armour: Scale mail        |    32 |    40 |   106 |     3 ||   181
  Dodge: Dodged            |    37 |    40 |   128 |     8 ||   213
  Block: Buckler           |    12 |     8 |    10 |       ||    30
         Kite shield       |       |       |   117 |    16 ||   133
